 Dungeon Crawl Stone Soup version 0.30.0-29-ga12c61a403 (webtiles) character file.

Game seed: 18135511767617431749

222 McKennaii the Trooper (level 5, -5/41 (42) HPs)
             Began as a Demonspawn Fighter on June 4, 2023.
             Slain by an ogre
             ... wielding a +0 giant spiked club
              (16 damage)
             ... on level 4 of the Dungeon.
             The game lasted 00:02:01 (2109 turns).

McKennaii the Trooper (Demonspawn Fighter)          Turns: 2109, Time: 00:02:01

HP:   -5/41 (42)    AC:  8    Str: 19    XL:     5   Next: 66%
MP:   5/5           EV:  9    Int:  9    God:
Gold: 141           SH:  4    Dex: 12    Spells: 4/4 levels left

rFire   . . .        a - +0 trident
rCold   . . .        c - +0 buckler
rNeg    . . .        b - +0 scale mail
rPois   .            (helmet restricted)
rElec   .            (no cloak)
rCorr   +            (no gloves)
SInv    .            q - +0 pair of boots
Will    .....        (no amulet) Stlth
                     k - ring of resist corrosion
HPRegen 0.26/turn    (no ring)
MPRegen 0.09/turn

%: no passive effects
@: lightly drained
A: horns 2, spiny 1
a: no special abilities


You were on level 4 of the Dungeon.
You visited 1 branch of the dungeon, and saw 4 of its levels.

You collected 141 gold pieces.

Inventory:

Hand Weapons
 a - a +0 trident (weapon)
Armour
 b - a +0 scale mail (worn)
 c - a +0 buckler (worn)
 q - a +0 pair of boots (worn)
Jewellery
 k - a ring of resist corrosion (left hand)
 t - a ring of fire
 v - an amulet of reflection
Scrolls
 e - a scroll of vulnerability
 g - 5 scrolls of identify
 i - 2 scrolls of blinking
 j - a scroll of fear {unknown}
 m - 3 scrolls of enchant weapon {unknown}
 n - a scroll of immolation {unknown}
 o - a scroll of brand weapon {unknown}
 r - a scroll of acquirement {unknown}
 u - a scroll of teleportation {unknown}
Potions
 d - a potion of might
 f - 3 potions of heal wounds {unknown}
 h - a potion of haste {unknown}
 l - 3 potions of degeneration {unknown}
 p - a potion of resistance {unknown}
 s - a potion of cancellation {unknown}
 w - 2 potions of curing {unknown}


   Skills:
 + Level 4.1 Fighting
 + Level 3.1 Polearms
 + Level 3.7 Armour
 + Level 3.7 Shields


You had 4 spell levels left.
You didn't know any spells.
Your spell library contained the following spells:

 Spells                   Type           Power      Damage    Failure   Level
 Cigotuvi's Dreadful Rot  Necr/Pois/Air  0%         N/A       92%         2
 Stone Arrow              Conj/Erth      0%         3d7       99%         3
 Animate Armour           Summ/Erth      0%         N/A       100%        4
 Dispel Undead            Necr           0%         3d6       100%        4
 Death Channel            Necr           0%         N/A       100%        6
 Lehudib's Crystal Spear  Conj/Erth      0%         10d2      100%        8


Dungeon Overview and Level Annotations

Branches:
Dungeon (4/15)
 Temple: D:4-7

Altars:
Cheibriados
Gozag
Hepliaklqana
Kikubaaqudgha
Ru

Shops:
D:1 ?   D:3 =

Annotations:
D:4 Blork the orc


Innate Abilities, Weirdness & Mutations

You have a pair of horns on your head.
You are partially covered in sharp spines.


Message History

You kill the adder!
HP restored.
Key pressed, stopping explore.
No target in view!
Key pressed, stopping explore.
No target in view!
f - 3 smoky silvery potions (gained 1)
Found a pair of boots.
No target in view!
Found a ring mail.
No target in view!
Found a stone staircase leading down.
No target in view!
Key pressed, stopping explore.
No target in view!
No target in view!
An ogre comes into view. It is wielding a +0 giant spiked club.
The ogre shouts!
An ogre is nearby!
An ogre is nearby!
You reach to attack!
You hit the ogre.
The ogre is lightly wounded.
An ogre is nearby!
You hit the ogre but do no damage.
The ogre is lightly wounded.
The ogre hits you with a +0 giant spiked club!
You puncture the ogre!
You headbutt the ogre, but do no damage.
The ogre is moderately wounded.
The ogre is struck by your spines.
The ogre hits you with a +0 giant spiked club!
* * * LOW HITPOINT WARNING * * *
You are too injured to fight recklessly!
You are too injured to fight recklessly!
You puncture the ogre! You headbutt the ogre.
The ogre is almost dead.
You hit the ogre but do no damage.
The ogre is almost dead.
The ogre hits you with a +0 giant spiked club!
You die...

## ..# #. ...## #.
.....# . #. ......
. #. ...... #.
#.... # # #O#..##
.. # #.@...#... .
##........ .
####.....[...# #.
#..#.........# .#.
#.#.....#..... ..
#.#.#..###..# #
####.#.##....[## .
. #
#...#..#.......#..
..#
#.##..............
...


You could see an ogre.

Vanquished Creatures
  A wight (D:4)
  A mummy (D:3)
  9 adders
  A worm (D:3)
  A dart slug (D:2)
  4 orcs (D:3)
  4 endoplasms
  4 giant cockroaches
  4 goblins
  3 hobgoblins
  6 jackals
  5 quokkas
  7 ball pythons
  6 bats
  4 frilled lizards
  5 kobolds
  6 rats
71 creatures vanquished.

Notes
Turn   | Place    | Note
-------+----------+-------------------------------------------
     0 | D:1      | McKennaii the Demonspawn Fighter began the quest for the
                  | Orb.
     0 | D:1      | Reached XP level 1. HP: 18/18 MP: 1/1
    91 | D:1      | Gained mutation: You are partially covered in sharp spines.
                  | [demonic ancestry]
    91 | D:1      | Reached XP level 2. HP: 24/24 MP: 2/2
   162 | D:1      | Found Colug's Magic Scroll Shop.
   470 | D:1      | Gained mutation: You have a pair of small horns on your
                  | head. [demonic ancestry]
   470 | D:1      | Reached XP level 3. HP: 29/29 MP: 3/3
   940 | D:2      | Found a faded altar of an unknown god.
  1143 | D:3      | Reached XP level 4. HP: 35/35 MP: 4/4
  1235 | D:3      | Found an ancient bone altar of Kikubaaqudgha.
  1338 | D:3      | Found Pime's Jewellery Shoppe.
  1467 | D:3      | Found a snail-covered altar of Cheibriados.
  1472 | D:3      | Gained mutation: You have a pair of horns on your head.
                  | [demonic ancestry]
  1472 | D:3      | Reached XP level 5. HP: 42/42 MP: 5/5
  1524 | D:3      | Found a sacrificial altar of Ru.
  1854 | D:4      | Reached skill level 4 in Fighting
  1948 | D:4      | Found a hazy altar of Hepliaklqana.
  1949 | D:4      | Found an opulent altar of Gozag.
  1977 | D:4      | Noticed Blork the orc
  2102 | D:4      | Noticed an ogre
  2109 | D:4      | Slain by an ogre

Illustrated notes

Levels and vault maps discovered:
D:1:      dpeg_arrival_leaves_temple_mockup, layout_rooms, serial_shops,
          nicolae_shop_stone
D:2:      layout_basic, ebering_ecumenical_altar_hall
D:3:      layout_basic, mainiacjoe_overflow_alcove_2, slow_altar_2,
          kiku_gazebo_pond_becter, serial_shops, shop, minmay_tree_intersection
D:4:      nicolae_cairo_tiling_large_dashed, layout_loops_ring,
          grunt_temple_overflow_open, minmay_puff, uniq_blork_the_orc

Skill      XL: |  1  2  3  4  5 |
---------------+----------------+-----
Polearms       | 2 3 |  3.1
Shields        | 3 |  3.7
Armour         | 3 |  3.7
Fighting       | 4 |  4.1

Action                     |  1- 3 |  4- 6 || total
---------------------------+-------+-------++-------
  Melee: Trident           |   103 |    75 ||   178
         Headbutt          |     5 |    11 ||    16
    Use: Scroll            |       |     2 ||     2
 Armour: Scale mail        |    40 |    18 ||    58
  Dodge: Dodged            |    24 |    21 ||    45
  Block: Buckler           |    14 |    12 ||    26
